 Dungeon Crawl Stone Soup version 0.26-a0-146-g24f6d3962c (webtiles) character file.

Game seed: 4205019482338524375

148 Hastur the Sneak (level 5, -1/36 HPs)
             Began as a Halfling Fire Elementalist on June 29, 2020.
             Slain by a worker ant (7 damage)
             ... on level 4 of the Dungeon.
             The game lasted 00:10:34 (4029 turns).

Hastur the Sneak (Halfling Fire Elementalist)       Turns: 4029, Time: 00:10:35

Health: -1/36      AC:  2    Str:  9    XL:     5   Next: 56%
Magic:  7/7        EV: 15    Int: 14    God:
Gold:   152        SH:  0    Dex: 15    Spells: 6/7 levels left

rFire    . . .     SeeInvis .   o - +1 short sword
rCold    . . .     Faith    .   (shield restricted)
rNeg     . . .     Spirit   .   a - +0 robe
rPois    .         Reflect  .   (no helmet)
rElec    .         Harm     .   (no cloak)
rCorr    .                      (no gloves)
MR       .....                  (no boots)
Stlth    +++.......             (no amulet)
HPRegen  0.12/turn              (no ring)
MPRegen  0.10/turn              (no ring)

@: starving
A: small, mutation resistance 1
a: no special abilities


You were on level 4 of the Dungeon.
You were starving.

You visited 1 branch of the dungeon, and saw 5 of its levels.

You collected 152 gold pieces.

Inventory:

Hand Weapons
 o - a +1 short sword (weapon)
 p - a +0 hunting sling
Missiles
 h - 141 stones (quivered)
Armour
 a - a +0 robe (worn)
 f - a +0 buckler
Jewellery
 v - an uncursed amulet of the acrobat {unknown}
Scrolls
 e - a scroll of remove curse
 m - a scroll of fog
Potions
 d - 2 potions of degeneration
 g - a potion of mutation
 i - a potion of cancellation
 j - 2 potions of curing
 l - 2 potions of stabbing
 r - a potion of brilliance
 t - a potion of berserk rage
 u - a potion of heal wounds {unknown}
Comestibles
 c - 4 rations


   Skills:
 + Level 3.1 Fighting
 - Level 2.1 Dodging
 + Level 4.4 Stealth
 - Level 1.5 Spellcasting
 - Level 0.7 Conjurations
 - Level 3.0 Fire Magic


You had 6 spell levels left.
You knew the following spells:

 Your Spells              Type           Power        Failure   Level  Hunger
a - Foxfire               Conj/Fire      #...         12%         1    ##.....

Your spell library contained the following spells:

 Spells                   Type           Power        Failure   Level  Hunger
 Conjure Flame            Conj/Fire      #.......     34%         3    ####...
 Inner Flame              Hex/Fire       #.......     38%         3    ####...
 Sticky Flame             Conj/Fire      #.......     75%         4    #####..
 Fireball                 Conj/Fire      #.........   97%         5    ######.


Dungeon Overview and Level Annotations

Branches:
Dungeon (5/15)
 Temple: D:4-7

Altars:


Innate Abilities, Weirdness & Mutations

You are small and have problems with some larger weapons.
You are somewhat resistant to further mutation.


Message History

The worker ant bites you!
* * * LOW HITPOINT WARNING * * *
The hound skeleton barely misses you. The hound skeleton barely misses you.
Okay, then.
Okay, then.
The worker ant misses you.
You see here 12 gold pieces.
The worker ant barely misses you. The hound skeleton closely misses you.
A worm comes into view.
The worker ant misses you. The worker ant barely misses you.
You are starving!
An adder comes into view.
There is a stone staircase leading up here.
The adder hisses angrily.
The worker ant bites you.
* * * LOW HITPOINT WARNING * * *
The worker ant bites you!
You die...

.......!..#............
..............#...#.#Zg.
...........#.###.#####..
.............##.....##..
.............w..........
.......##....g..........
#......#..###.......#.
##.....Z...# #w........
#.....@a#.......#......
#....#...#.......##.....
#.###.............#..###
#%.....S..........#
................
.........##..>.#.
###......## ....#
...?.... ..


You could see a worm, a worker ant, a gnoll, an adder and a hound skeleton.

Vanquished Creatures
  A scorpion (D:2)
  2 adders
  4 gnolls (D:3)
  A worm (D:2)
  2 dart slugs
  3 bats (D:1)
  A giant cockroach (D:1)
  A goblin (D:2)
  7 hobgoblins
  6 jackals
  A ball python (D:2)
  3 frilled lizards
  4 kobolds
  4 rats
40 creatures vanquished.

Vanquished Creatures (collateral kills)
  A goblin (D:2)
1 creature vanquished.

Vanquished Creatures (others)
  163 foxfires
163 creatures vanquished.

Grand Total: 204 creatures vanquished

Notes
Turn   | Place    | Note
-------+----------+-------------------------------------------
     0 | D:1      | Hastur the Halfling Fire Elementalist began the quest for
                  | the Orb.
     0 | D:1      | Reached XP level 1. HP: 11/11 MP: 3/3
   298 | D:1      | Reached skill level 1 in Fighting
   298 | D:1      | Reached XP level 2. HP: 18/18 MP: 0/4
  1347 | D:2      | Reached XP level 3. HP: 24/24 MP: 0/5
  1656 | D:2      | Reached skill level 3 in Stealth
  1781 | D:2      | Noticed a scorpion
  2479 | D:2      | HP: 1/24 [scorpion (8)]
  2517 | D:2      | Killed a scorpion
  2517 | D:2      | Reached XP level 4. HP: 15/30 MP: 1/6
  2789 | D:3      | Reached skill level 4 in Stealth
  2789 | D:3      | Reached XP level 5. HP: 36/36 MP: 3/7
  3954 | D:5      | Entered Level 5 of the Dungeon
  4029 | D:4      | Slain by a worker ant

Illustrated notes

Levels and vault maps discovered:
D:1:      wander_arrival_estate, layout_basic
D:2:      layout_rooms, first_ration
D:3:      layout_basic
D:4:      layout_cave_pools, minmay_temple_entry_tees,
          chequers_serial_rivers_room_b, grunt_dithmenos_shadows, uniq_sigmund
D:5:      layout_rooms, gammafunk_ghost_mausoleum, kennysheep_okawaru_gauntlet,
          uniq_ijyb, uniq_pikel

Skill      XL: |  1  2  3  4  5 |
---------------+----------------+-----
Fighting       | 1 2 3 |  3.1
Stealth        | 3 4 |  4.4
Dodging        | |  2.1
Spellcasting   | |  1.5
Conjurations   | |  0.7
Fire Magic     | |  3.0

Action                   |  1- 3 |  4- 6 || total
-------------------------+-------+-------++-------
Melee: Unarmed           |     9 |       ||     9
       Short sword       |     7 |    17 ||    24
 Cast: Foxfire           |    66 |    30 ||    96
  Use: Potion            |     2 |       ||     2
       Scroll            |       |    12 ||    12
  Eat: Chunk             |     4 |     3 ||     7
       Ration            |     1 |       ||     1
Armor: Robe              |     7 |     2 ||     9
Dodge: Dodged            |    48 |    37 ||    85

Table legend:
 A = Non-vault XP
 B = Vault XP
 C = Vault XP percentage of total XP
 D = Non-vault monster count
 E = Vault monster count
 F = Vault count percentage of total count
                 A         B        C        D         E       F
            +---------+---------+-------+---------+---------+-------
      Total |     212 |       0 |   0.0 |      41 |       0 |   0.0
            +---------+---------+-------+---------+---------+-------
        D:1 |      24 |       0 |   0.0 |      14 |       0 |   0.0
        D:2 |     111 |       0 |   0.0 |      16 |       0 |   0.0
        D:3 |      77 |       0 |   0.0 |      11 |       0 |   0.0
            +---------+---------+-------+---------+---------+-------
